 Dungeon Crawl Stone Soup version 0.25.1-8-g42b30a86e7 (webtiles) character file.

Game seed: 12042974337102226024

158 H0rd4k the Magician (level 5, -8/28 HPs)
             Began as a Deep Elf Wizard on Dec 11, 2020.
             Killed by divine providence
             ... invoked by an orc priest
              (13 damage)
             ... on level 3 of the Dungeon.
             The game lasted 00:07:16 (3350 turns).

H0rd4k the Magician (Deep Elf Wizard)               Turns: 3350, Time: 00:07:17

Health: -8/28      AC:  4    Str:  4    XL:     5   Next: 16%
Magic:  11/15      EV: 13    Int: 24    God:
Gold:   79         SH:  0    Dex: 13    Spells: 7/16 levels left

rFire    . . .     SeeInvis .   (no weapon)
rCold    . . .     Gourm    .   (no shield)
rNeg     . . .     Faith    .   a - +0 robe
rPois    .         Spirit   .   b - +0 hat
rElec    .         Reflect  .   (no cloak)
rCorr    .         Harm     .   (no gloves)
MR       .....                  l - +1 pair of boots
Stlth    ++........             (no amulet)
HPRegen  0.09/turn              (no ring)
MPRegen  0.14/turn              (no ring)

@: no status effects
A: no striking features
a: no special abilities


You were on level 3 of the Dungeon.
You were not hungry.

You visited 1 branch of the dungeon, and saw 3 of its levels.

You collected 79 gold pieces.

Inventory:

Armour
 a - a +0 robe (worn)
 b - a +0 hat (worn)
 l - a +1 pair of boots (worn)
Scrolls
 c - 3 scrolls of enchant armour {unknown}
 e - 3 scrolls of amnesia {unknown}
 f - 2 scrolls of magic mapping {unknown}
 g - a scroll of blinking {unknown}
 h - a scroll of random uselessness {unknown}
 i - a scroll of immolation {unknown}
 j - 3 scrolls of identify {unknown}
Potions
 k - a potion of resistance {unknown}
Comestibles
 d - 5 rations


   Skills:
 + Level 2.6 Dodging
 + Level 2.8 Stealth
 + Level 6.3 Spellcasting
 + Level 2.6 Conjurations
   Level 1.1 Summonings
 + Level 1.1 Translocations
 + Level 1.1 Fire Magic
 + Level 1.0 Air Magic
 + Level 1.4 Poison Magic


You had 7 spell levels left.
You knew the following spells:

 Your Spells              Type           Power        Failure   Level  Hunger
a - Magic Dart            Conj           ###.         2%          1    None
b - Blink                 Tloc           N/A          8%          2    None
c - Conjure Flame         Conj/Fire      ###.....     11%         3    None
d - Mephitic Cloud        Conj/Pois/Air  ###.....     12%         3    None

Your spell library contained the following spells:

 Spells                   Type           Power        Failure   Level  Hunger
 Call Imp                 Summ           ##......     8%          2    None
 Slow                     Hex            #.......     12%         2    None


Dungeon Overview and Level Annotations

Branches:
Dungeon (3/15)

Altars:
Dithmenos
Ru
Trog
Xom

Annotations:
D:2 exclusions: downstairs and upstairs


Message History

Confirm with . or Enter, or press ? or * to list all spells.
Aiming: Magic Dart (safe; 2% risk of failure)
Press: ? - help, Shift-Dir - straight line, f/p - orc priest
Aim: an orc priest, wielding a +0 club and wearing a +0 ring mail (moderately wounded)
The magic dart hits the orc priest.
The orc priest is moderately wounded.
The orc priest invokes the aid of Beogh against you.
Beogh smites you!
* * * LOW HITPOINT WARNING * * *
Casting: Magic Dart (safe; 2% risk of failure)
Confirm with . or Enter, or press ? or * to list all spells.
Aiming: Magic Dart (safe; 2% risk of failure)
Press: ? - help, Shift-Dir - straight line, f/p - orc priest
Aim: an orc priest, wielding a +0 club and wearing a +0 ring mail (moderately wounded)
The magic dart hits the orc priest!
The orc priest is severely wounded.
You see here 18 bolts.
The orc priest calls down the wrath of Beogh upon you.
Beogh smites you!
You die...

#### ###..## .....##
#....# #.@# ###
###..#[..#.
.#####..(##.>...
.......#........
..........#..##.
.####.o....#.##
.............###.. ###
.................##...
..#
####....#.#.##........


You could see an orc priest.

Vanquished Creatures
  Robin (D:2)
  5 adders
  2 worms (D:2)
  A dart slug (D:2)
  3 leopard geckos
  2 orcs
  2 giant cockroaches
  10 hobgoblins
  10 jackals
  2 quokkas (D:2)
  A ball python (D:1)
  13 bats
  6 frilled lizards
  14 goblins
  6 kobolds
  8 rats
86 creatures vanquished.

Notes
Turn   | Place    | Note
-------+----------+-------------------------------------------
     0 | D:1      | H0rd4k the Deep Elf Wizard began the quest for the Orb.
     0 | D:1      | Reached XP level 1. HP: 10/10 MP: 7/7
   214 | D:2      | Reached skill level 5 in Spellcasting
   214 | D:2      | Reached XP level 2. HP: 15/15 MP: 5/10
   544 | D:1      | Reached XP level 3. HP: 7/19 MP: 1/12
  1364 | D:1      | Learned a level 2 spell: Blink
  1368 | D:1      | Learned a level 3 spell: Conjure Flame
  1372 | D:1      | Learned a level 3 spell: Mephitic Cloud
  1851 | D:2      | Reached XP level 4. HP: 24/24 MP: 6/13
  1856 | D:2      | Reached skill level 6 in Spellcasting
  1890 | D:2      | Found a sacrificial altar of Ru.
  1966 | D:2      | Found a bloodstained altar of Trog.
  1973 | D:2      | Noticed Robin
  2021 | D:2      | Killed Robin
  2301 | D:2      | Found a shimmering altar of Xom.
  2301 | D:2      | Found a shadowy altar of Dithmenos.
  2844 | D:3      | Reached skill level 1 in Air Magic
  2849 | D:3      | Reached skill level 1 in Fire Magic
  2849 | D:3      | Reached skill level 1 in Poison Magic
  2849 | D:3      | Reached XP level 5. HP: 27/28 MP: 7/15
  3350 | D:3      | Killed from afar by an orc priest

Illustrated notes

Levels and vault maps discovered:
D:1:      kennysheep_arrival_seaside, layout_basic
D:2:      layout_rooms, lemuel_round_altar, lemuel_doored_altar,
          grunt_temple_overflow_open, uniq_robin
D:3:      layout_rooms, uniq_ijyb

Skill      XL: |  1  2  3  4 |
---------------+-------------+-----
Spellcasting   | 5 6 |  6.3
Conjurations   | 2 |  2.6
Air Magic      | 1 |  1.0
Fire Magic     | 1 |  1.1
Poison Magic   | 1 |  1.4
Dodging        | |  2.6
Stealth        | |  2.8
Summonings     | |  1.1
Translocations | |  1.1

Action                   |  1- 3 |  4- 6 || total
-------------------------+-------+-------++-------
 Cast: Magic Dart        |   108 |   128 ||   236
       Conjure Flame     |       |     1 ||     1
       Mephitic Cloud    |       |     1 ||     1
  Eat: Chunk             |     3 |     4 ||     7
Armor: Robe              |     9 |     3 ||    12
Dodge: Dodged            |    25 |    22 ||    47
